 Dungeon Sprint DCSS version 0.19-a0-1803-g97ff39f (webtiles) character file.

609 Naow the Basher (level 7, -5/70 HPs)
             Began as a Minotaur Fighter on Oct 5, 2016.
             Was a Believer of Makhleb.
             Slain by a slime creature (11 damage)
             ... in the Dungeon (Sprint IX: "|||||||||||||||||||||||||||||").
             The game lasted 00:01:53 (175 turns).

Naow the Basher (Minotaur Fighter)                   Turns: 175, Time: 00:01:53

Health: -5/70      AC: 11    Str: 20    XL:     7   Next: 19%
Magic:  6/6        EV: 12    Int:  7    God:    Makhleb [**....]
Gold:   0          SH: 11    Dex: 10    Spells: 0 memorised, 6 levels left

rFire  . . .     SeeInvis .     a - +0 flail
rCold  . . .     Gourm    .     r - +2 ring mail
rNeg   . . .     Faith    .     c - +0 shield
rPois  .         Spirit   .     (helmet restricted)
rElec  .         Dismiss  .     q - +0 cloak
rCorr  .         Reflect  .     (no gloves)
MR     .....     Harm     .     (no boots)
Stlth  .......... NoTele   +    (no amulet)
                                t - +2 ring of protection
                                s - +2 ring of evasion

@: no status effects
A: retaliatory headbutt, horns 2
a: Minor Destruction, Renounce Religion


You were in the Dungeon.
You worshipped Makhleb.
Makhleb was pleased with you.
You were not hungry.

You visited 1 branch

Inventory:

Hand Weapons
 a - a +0 flail (weapon)
Armour
 b - a +0 scale mail
 c - a +0 shield (worn)
 q - a +0 cloak (worn)
 r - a +2 ring mail (worn)
Jewellery
 s - a +2 ring of evasion (left hand)
 t - a +2 ring of protection (right hand)
Wands
 p - a wand of lightning (7/15)
Scrolls
 k - 2 scrolls of blinking
 n - 3 scrolls of remove curse
 o - 2 scrolls of amnesia
Potions
 d - a potion of might
 e - 5 potions of curing
 g - 3 potions of heal wounds
 h - a potion of haste
 i - 4 potions of magic
 j - a potion of berserk rage
 m - a potion of invisibility
Comestibles
 f - a bread ration
 l - 4 chunks of flesh


   Skills:
 - Level 9.0 Fighting
 + Level 12.9 Maces & Flails
 - Level 7.3 Armour
 - Level 1.8 Dodging
 - Level 8.7 Shields


You had 6 spell levels left.
You didn't know any spells.

Dungeon Overview and Level Annotations

Branches:
Dungeon (1/1)

Altars:
Cheibriados
Dithmenos
Elyvilon
Fedhas
Gozag
Hepliaklqana
Kikubaaqudgha
Makhleb
Nemelex Xobeh
Okawaru
Qazlal
Ru
Sif Muna
Trog
Uskayaw
Vehumet
Xom
Yredelemnul
Zin
The Shining One
Beogh
Jiyva
Lugonu


Innate Abilities, Weirdness & Mutations

You reflexively headbutt those who attack you in melee.
You have a pair of horns on your head.


Message History

Makhleb accepts your kill.
Your Maces & Flails skill increases to level 12!
You have reached level 7!
You hit the slime creature but do no damage.
The slime creature barely misses you. You furiously retaliate!
You headbutt the slime creature. You hit the slime creature.
You headbutt the slime creature!
The slime creature is moderately wounded.
You hit the slime creature but do no damage.
The slime creature is moderately wounded.
The slime creature hits you!
* * * LOW HITPOINT WARNING * * *
You sock the slime creature! You headbutt the slime creature!
The slime creature is heavily wounded.
The slime creature hits you.
* * * LOW HITPOINT WARNING * * *
You hit the slime creature but do no damage.
The slime creature is heavily wounded.
The slime creature hits you!
You die... ▓▓▓▓▓▓▓▓▓▓▓▓▓▓▓▓▓▓▓▓▓▓▓▓ ....lZJ@....)'....[)|..' ▓▓▓▓▓▓▓▓▓▓▓▓▓▓▓▓▓▓▓▓▓▓▓▓

You could see a slime creature, an iguana and an adder zombie.

Vanquished Creatures
  A wraith (D)
  A vampire mosquito (D)
  A phantom (D)
  An ogre (D)
  A killer bee (D)
  A scorpion (D)
  A hound (D)
  A jelly (D)
  An adder skeleton (D)
  A dart slug (D)
  A bat skeleton (D)
  A hobgoblin (D)
  2 jackals (D)
  2 quokkas (D)
  2 bats (D)
  A rat (D)
19 creatures vanquished.

Notes
Turn   | Place    | Note
-------+----------+-------------------------------------------
     0 | D        | Naow the Minotaur Fighter began the quest for the Orb.
     0 | D        | Reached XP level 1. HP: 19/19 MP: 0/0
    21 | D        | Noticed a scorpion
    23 | D        | Reached skill level 3 in Maces & Flails
    23 | D        | Reached XP level 2. HP: 28/28 MP: 1/1
    28 | D        | Killed a scorpion
    28 | D        | Reached skill level 4 in Maces & Flails
    28 | D        | Reached skill level 5 in Armour
    28 | D        | Reached skill level 5 in Shields
    28 | D        | Reached XP level 3. HP: 32/37 MP: 2/2
    38 | D        | Found a roughly hewn altar of Beogh.
    38 | D        | Found a snail-covered altar of Cheibriados.
    38 | D        | Found a shadowy altar of Dithmenos.
    38 | D        | Found a white marble altar of Elyvilon.
    38 | D        | Found a blossoming altar of Fedhas.
    38 | D        | Found an opulent altar of Gozag.
    39 | D        | Found a hazy altar of Hepliaklqana.
    40 | D        | Found a viscous altar of Jiyva.
    41 | D        | Found an ancient bone altar of Kikubaaqudgha.
    42 | D        | Found a corrupted altar of Lugonu.
    43 | D        | Found a burning altar of Makhleb.
    44 | D        | Found a sparkling altar of Nemelex Xobeh.
    45 | D        | Found an iron altar of Okawaru.
    46 | D        | Found a stormy altar of Qazlal.
    47 | D        | Found a sacrificial altar of Ru.
    48 | D        | Found a deep blue altar of Sif Muna.
    49 | D        | Found a bloodstained altar of Trog.
    50 | D        | Found a hide-covered altar of Uskayaw.
    51 | D        | Became a worshipper of Makhleb the Destroyer
    52 | D        | Found a radiant altar of Vehumet.
    53 | D        | Found a shimmering altar of Xom.
    54 | D        | Found a basalt altar of Yredelemnul.
    55 | D        | Found a glowing silver altar of Zin.
    56 | D        | Found a glowing golden altar of the Shining One.
   102 | D        | Noticed an ogre
   102 | D        | Noticed a killer bee
   102 | D        | Noticed a phantom
   110 | D        | Killed a killer bee
   110 | D        | Reached skill level 5 in Maces & Flails
   110 | D        | Reached XP level 4. HP: 41/45 MP: 3/3
   114 | D        | Reached skill level 6 in Maces & Flails
   120 | D        | Reached * piety under Makhleb
   120 | D        | Reached XP level 5. HP: 35/52 MP: 4/4
   124 | D        | Killed an ogre
   124 | D        | Reached skill level 7 in Maces & Flails
   124 | D        | Reached skill level 1 in Dodging
   150 | D        | Killed a phantom
   150 | D        | Reached ** piety under Makhleb
   150 | D        | Reached skill level 8 in Maces & Flails
   150 | D        | Reached XP level 6. HP: 40/63 MP: 5/5
   156 | D        | Noticed a slime creature
   156 | D        | Noticed a wraith
   156 | D        | Noticed a vampire mosquito
   159 | D        | Reached skill level 9 in Maces & Flails
   164 | D        | Killed a vampire mosquito
   164 | D        | Reached skill level 11 in Maces & Flails
   170 | D        | Killed a wraith
   170 | D        | Reached skill level 12 in Maces & Flails
   170 | D        | Reached XP level 7. HP: 24/70 MP: 6/6
   175 | D        | Slain by a slime creature

Vault maps used:
D:        linesprint

Skill      XL: |  1  2  3  4  5  6 |
---------------+-------------------+-----
Fighting       | 4 6 7 9 |  9.0
Armour         | 4 5 6 7 |  7.3
Shields        | 4 5 6 7 8 |  8.7
Maces & Flails | 3 4 5 6 8 12 | 12.9
Dodging        | 1 |  1.8

Action                   |  1- 3 |  4- 6 |  7- 9 || total
-------------------------+-------+-------+-------++-------
Melee: Flail             |    26 |    37 |     5 ||    68
       Headbutt          |     3 |    13 |     2 ||    18
Armor: Scale mail        |     9 |       |       ||     9
       Ring mail         |     4 |     6 |       ||    10
Dodge: Dodged            |     8 |    15 |     1 ||    24
Block: Shield            |    17 |    14 |       ||    31
